 Dungeon Crawl Stone Soup version 0.24.0-123-gd5b16e6ec5 (webtiles) character file.

Game seed: 128183329098967174, levelgen mode: deterministic

1593048 Goreval the Slayer (level 27, 184/184 HPs)
             Began as a Demonspawn Monk on Jan 9, 2020.
             Was the Champion of Hepliaklqana.
             Escaped with the Orb
             ... and 3 runes on Jan 10, 2020!
             The game lasted 03:49:06 (87194 turns).

Goreval the Slayer (Demonspawn Monk)               Turns: 87194, Time: 03:49:07

Health: 184/184    AC: 49    Str: 23 (25) XL:     27
Magic:  33/33      EV: 12    Int: 23      God:    Hepliaklqana [******]
Gold:   4065       SH:  0    Dex: 15 (16) Spells: 9/46 levels left

rFire    + + .     SeeInvis .   w - +9 glaive (vamp)
rCold    + . .     Gourm    .   (shield currently unavailable)
rNeg     + + .     Faith    .   o - +8 orange crystal plate armour {Archmagi, Int+3 Clar}
rPois    .         Spirit   +   a - +2 hat of Utenaes {+Blink rElec rF+ Int+3}
rElec    +         Reflect  .   C - +2 cloak {MR+}
rCorr    +         Harm     .   s - +3 pair of gauntlets of War {Slay+5}
MR       +++++     Clarity  +   (boots unavailable)
Stlth    ..........             L - amulet of Ymiy {Spirit rF+ Str+2 Slay+4}
HPRegen  0.80/turn              A - ring of the Furies {rN+ MR+ Str+3 Int+3 Stlth+}
MPRegen  0.46/turn              O - ring "Pysie" {Ice rElec MR+ Slay+6}

@: no status effects
A: reduced essence, horns 1, talons 3, yellow scales 3, clarity, clumsy 1,
deterioration 2, dopey 1, fire resistance 1, frail 1, low mp 1, negative energy
resistance 1, nightstalker 3, sense surroundings 1, regeneration 1, 50% torment
resistance, strong 1, magic shield, magic regeneration, magic link, black mark,
subdued magic 1, MP-powered wands
0: Orb of Zot
}: 3/15 runes: barnacled, silver, gossamer
a: Recall Ancestor, Ancestor Identity, Transference, Idealise, Renounce
Religion, Evoke Blink


You escaped.
You worshipped Hepliaklqana.
Hepliaklqana was exalted by your worship.
You were not hungry.

You visited 9 branches of the dungeon, and saw 49 of its levels.
You visited 1 bazaar.
You also visited: Gauntlet.

You collected 8301 gold pieces.
You spent 4236 gold pieces at shops.

Inventory:

Hand Weapons
 v - the +7 glaive of the Philosopher {chop, rPois rC+ MR+}
   (You took it off a deep elf annihilator on level 3 of the Elven Halls)

   It inflicts extra damage upon your enemies.
   It protects you from cold.
   It protects you from poison.
   It affects your resistance to hostile enchantments.
 w - a +9 vampiric glaive (weapon)
 W - a +9 glaive of flaming
Missiles
 l - 1595 stones (quivered)
Armour
 a - the +2 hat of Utenaes (worn) {+Blink rElec rF+ Int+3}
   (You found it in a Gauntlet)

   It affects your intelligence (+3).
   It protects you from fire.
   It insulates you from electricity.
   It lets you blink.
 o - the +8 orange crystal plate armour (worn) {Archmagi, Int+3 Clar}
   (You found it on level 4 of the Depths)

   It affects your intelligence (+3).
   It protects you against confusion.
 s - the +3 pair of gauntlets of War (worn) {Slay+5}
   (You found it on level 4 of the Shoals)

   It affects your accuracy and damage with ranged weapons and melee attacks
   (+5).
 z - a +2 cloak of poison resistance
 B - the +5 chain mail "Kiruidai" {*Corrode Dex+2 SInv Stlth+}
   (You found it on level 6 of the Dungeon)

   It affects your dexterity (+2).
   It lets you see invisible.
   It may corrode you when you take damage.
   It makes you more stealthy.
 C - a +2 cloak of magic resistance (worn)
Jewellery
 A - the ring of the Furies (left hand) {rN+ MR+ Str+3 Int+3 Stlth+}
   (You bought it in a shop on level 11 of the Dungeon)

   [ring of stealth]

   It affects your strength (+3).
   It affects your intelligence (+3).
   It protects you from negative energy.
   It affects your resistance to hostile enchantments.
   It makes you more stealthy.
 L - the amulet of Ymiy (around neck) {Spirit rF+ Str+2 Slay+4}
   (You bought it in a shop on level 11 of the Dungeon)

   [amulet of guardian spirit]

   It causes incoming damage to be split between your health and magic.
   It affects your strength (+2).
   It affects your accuracy and damage with ranged weapons and melee attacks
   (+4).
   It protects you from fire.
 O - the ring "Pysie" (right hand) {Ice rElec MR+ Slay+6}
   (You bought it in a shop on level 7 of the Dungeon)

   [ring of ice]

   It enhances your ice magic.
   It affects your accuracy and damage with ranged weapons and melee attacks
   (+6).
   It makes you vulnerable to fire.
   It protects you from cold.
   It insulates you from electricity.
   It affects your resistance to hostile enchantments.
Wands
 H - a wand of scattershot (16)
 I - a wand of digging (21)
 U - a wand of disintegration (22)
Scrolls
 b - 25 scrolls of remove curse
 d - a scroll of magic mapping
 g - 2 scrolls of silence
 h - 9 scrolls of fear
 j - 18 scrolls of teleportation
 k - 7 scrolls of amnesia
 G - 6 scrolls of fog
 N - 4 scrolls of vulnerability
 T - a scroll of summoning
 X - 5 scrolls of blinking
 Y - 14 scrolls of identify
Potions
 e - 9 potions of flight
 f - 5 potions of lignification
 i - 3 potions of mutation
 q - 7 potions of invisibility
 r - 5 potions of brilliance
 t - 8 potions of haste
 u - 19 potions of curing
 x - 5 potions of resistance
 E - 8 potions of cancellation
 F - 2 potions of magic
 J - 3 potions of agility
 M - 4 potions of berserk rage
 Z - 7 potions of might
Miscellaneous
 S - 3 phantom mirrors
Comestibles
 c - 88 rations


   Skills:
 - Level 22.0 Fighting
 - Level 21.0 Polearms
 * Level 19.7 Armour
 + Level 12.5 Dodging
 - Level 3.0 Stealth
 - Level 10.0 Spellcasting
 - Level 5.0 Hexes
 - Level 12.0 Charms
 - Level 21.7 Necromancy
 - Level 7.6 Translocations
 - Level 8.0 Transmutations
 - Level 5.1 Air Magic
 - Level 8.0 Earth Magic
 - Level 21.2 Invocations


You had 9 spell levels left.
You knew the following spells:

 Your Spells              Type           Power        Failure   Level  Hunger
a - Infusion              Chrm           ####         1%          1    None
b - Shroud of Golubria    Chrm/Tloc      ######       2%          2    None
c - Song of Slaying       Chrm           ######..     1%          2    None
d - Regeneration          Chrm/Necr      #######...   1%          3    None
e - Excruciating Wounds   Chrm/Necr      #######...   2%          5    ####...
f - Agony                 Necr           #######.     1%          5    ####...
g - Deflect Missiles      Chrm/Air       ######....   99%         6    ######.
k - Swiftness             Chrm/Air       ######..     3%          2    None
n - Blink                 Tloc           N/A          5%          2    None
p - Passwall              Tmut/Erth      ######..     4%          2    None
u - Animate Dead          Necr           N/A          1%          4    #......
z - Spectral Weapon       Hex/Chrm       ######..     8%          3    None

Your spell library contained the following spells:

 Spells                   Type           Power        Failure   Level  Hunger
 Animate Skeleton         Necr           N/A          0%          1    None
 Pain                     Necr           ####         0%          1    None
 Corpse Rot               Necr           N/A          0%          2    None
 Sublimation of Blood     Necr           #######...   0%          2    None
 Vampiric Draining        Necr           #######...   1%          3    None
 Dispel Undead            Necr           #######.     1%          5    ####...
 Apportation              Tloc           ######       3%          1    None
 Beastly Appendage        Tmut           ######       3%          1    None
 Sticks to Snakes         Tmut           ######..     4%          2    None
 Confusing Touch          Hex            #####.       12%         1    None
 Corona                   Hex            #####..      12%         1    None
 Gell's Gravitas          Tloc           ######....   12%         3    None
 Lesser Beckoning         Tloc           ######....   12%         3    None
 Teleport Other           Tloc           ######..     12%         3    None
 Slow                     Hex            #####...     17%         2    None
 Portal Projectile        Hex/Tloc       #####.       21%         3    None
 Ozocubu's Armour         Chrm/Ice       ######..     22%         3    None
 Bolt of Draining         Conj/Necr      ######....   30%         5    ####...
 Shock                    Conj/Air       ####         32%         1    None
 Petrify                  Tmut/Erth      ######..     32%         4    #......
 Confuse                  Hex            #####...     34%         3    None
 Tukima's Dance           Hex            #####...     34%         3    None
 Ensorcelled Hibernation  Hex/Ice        #####.       45%         2    None
 Poisonous Vapours        Pois/Air       ####..       45%         2    None
 Spider Form              Tmut/Pois      ####......   47%         3    None
 Stone Arrow              Conj/Erth      ####..       47%         3    None
 Recall                   Summ/Tloc      N/A          52%         3    None
 Leda's Liquefaction      Hex/Erth       #####.....   54%         4    #......
 Borgnjor's Revivificati  Necr           #######...   63%         8    #######
 Infestation              Necr           #######...   63%         8    #######
 Flame Tongue             Conj/Fire      ##...        67%         1    None
 Freeze                   Ice            ###.         67%         1    None
 Magic Dart               Conj           ##..         67%         1    None
 Sting                    Conj/Pois      ##..         67%         1    None
 Summon Butterflies       Summ           ##......     67%         1    None
 Summon Small Mammal      Summ           ##..         67%         1    None
 Ignite Poison            Fire/Tmut/Pois ####....     67%         3    None
 Blade Hands              Tmut           ######....   69%         5    ####...
 Lee's Rapid Deconstruct  Erth           ######....   69%         5    ####...
 Dazzling Spray           Conj/Hex       ####..       71%         3    None
 Inner Flame              Hex/Fire       ####....     71%         3    None
 Static Discharge         Conj/Air       ####....     71%         3    None
 Airstrike                Air            #####.....   75%         4    #......
 Cause Fear               Hex            #####.....   77%         4    #......
 Call Imp                 Summ           ##......     82%         2    None
 Searing Ray              Conj           ##....       82%         2    None
 Throw Frost              Conj/Ice       ###...       82%         2    None
 Mephitic Cloud           Conj/Pois/Air  ###.....     82%         3    None
 Ice Form                 Ice/Tmut       ######..     88%         4    #......
 Yara's Violent Unravell  Hex/Tmut       #####.....   88%         5    ####...
 Force Lance              Conj/Tloc      ####....     90%         4    #......
 Iskenderun's Battlesphe  Conj/Chrm      #####...     92%         5    ####...
 Call Canine Familiar     Summ           ##......     96%         3    None
 Conjure Flame            Conj/Fire      ##......     96%         3    None
 Fulminant Prism          Conj/Hex       ####......   98%         4    #......
 Summon Lightning Spire   Summ/Air       ####....     98%         4    #......
 Silence                  Hex/Air        #####.....   98%         5    ####...
 Summon Forest            Summ/Tloc      ####......   99%         5    ####...
 Hydra Form               Tmut           ######....   99%         6    ######.
 Iskenderun's Mystic Bla  Conj           ##......     100%        4    #......
 Olgreb's Toxic Radiance  Pois           ##......     100%        4    #......
 Sticky Flame             Conj/Fire      ##......     100%        4    #......
 Summon Ice Beast         Ice/Summ       ###.....     100%        4    #......
 Throw Icicle             Conj/Ice       ###.....     100%        4    #......
 Bolt of Magma            Conj/Fire/Erth ####......   100%        5    ####...
 Fireball                 Conj/Fire      ##........   100%        5    ####...
 Lightning Bolt           Conj/Air       ####......   100%        5    ####...
 Metabolic Englaciation   Hex/Ice        #####.....   100%        5    ####...
 Summon Demon             Summ           ##........   100%        5    ####...
 Summon Mana Viper        Hex/Summ       ####....     100%        5    ####...
 Venom Bolt               Conj/Pois      ##........   100%        5    ####...
 Bolt of Fire             Conj/Fire      ##........   100%        6    ######.
 Conjure Ball Lightning   Conj/Air       ####......   100%        6    ######.
 Darkness                 Hex            #####.....   100%        6    ######.
 Dispersal                Tloc           ######....   100%        6    ######.
 Freezing Cloud           Conj/Ice/Air   ####......   100%        6    ######.
 Invisibility             Hex            #####...     100%        6    ######.
 Iron Shot                Conj/Erth      ####......   100%        6    ######.
 Dragon Form              Tmut           ######....   100%        7    #######
 Haunt                    Necr/Summ      ######....   100%        7    #######
 Malign Gateway           Summ/Tloc      ####......   100%        7    #######
 Monstrous Menagerie      Summ           ##........   100%        7    #######
 Orb of Destruction       Conj           ##........   100%        7    #######
 Ring of Flames           Chrm/Fire      #####.....   100%        7    #######
 Spellforged Servitor     Conj/Summ      ##........   100%        7    #######
 Summon Greater Demon     Summ           ##........   100%        7    #######
 Summon Hydra             Summ           ##........   100%        7    #######
 Controlled Blink         Tloc           N/A          100%        8    #######
 Death's Door             Chrm/Necr      #######...   100%        8    #######
 Disjunction              Tloc           ######....   100%        8    #######
 Ignition                 Fire           ##........   100%        8    #######
 Necromutation            Tmut/Necr      #######...   100%        8    #######
 Summon Horrible Things   Summ           ##........   100%        8    #######
 Dragon's Call            Summ           ##........   100%        9    #######
 Shatter                  Erth           ######....   100%        9    #######
 Tornado                  Air            #####.....   100%        9    #######
 Passage of Golubria      Tloc           Unusable     N/A         4    N/A

Dungeon Overview and Level Annotations

Branches:
Dungeon (15/15)            Temple (0/1) D:7            Lair (6/6) D:11
 Shoals (4/4) Lair:4       Spider (4/4) Lair:4        Slime (0/5) Lair:6
    Orc (2/2) D:10            Elf (3/3) Orc:2        Vaults (5/5) D:13
  Crypt (0/3) Vaults:3     Depths (5/5) D:15            Zot (5/5) Depths:5
Gauntlet (visited)

Altars:
Cheibriados
Elyvilon
Hepliaklqana
Kikubaaqudgha
Makhleb
Qazlal
Sif Muna
Uskayaw
Xom
Jiyva
Lugonu

Shops:
D:7 =   D:11 *   D:13 *   D:14 }   Orc:2 :::*   Elf:1 [   Elf:3 }   Vaults:2 *
Vaults:4 }   Depths:1 *

Portals:
Hell: Depths:1 Depths:2 Depths:3 Depths:4 Depths:5
Abyss: Depths:2 Depths:4 Depths:5
Pandemonium: Depths:3
Ziggurat: Depths:4

Annotations:
D:15 Roxanne
Elf:2 2 runed translucent doors
Zot:1 1 transporter
Abyss:1 Fannar; Polyphemus


Innate Abilities, Weirdness & Mutations

You have claws for feet.
You are completely covered in yellow scales. (AC +4, rCorr)
You resist negative energy. (rN+)
You are completely attuned to the shadows.
You are somewhat able to resist unholy torments (1 in 2 success).
When hurt, damage is shared between your health and your magic reserves.
You regenerate magic rapidly.
When low on magic, you restore magic in place of health.
Your melee attacks may debilitate your foes.
Your life essence is reduced to manifest your ancestor. (-10% HP)
You have a pair of small horns on your head.
You possess an exceptional clarity of mind.
You are clumsy. (Dex -2)
Your body often deteriorates upon taking damage.
You are dopey. (Int -2)
Your flesh is heat resistant. (rF+)
You are frail. (-10% HP)
Your magical capacity is low. (-10% MP)
You passively map a small area around you.
Your natural rate of healing is unusually fast.
Your muscles are strong. (Str +2)
Your spells are a little easier to cast, but a little less powerful.
You expend magic power (3 MP) to strengthen your wands.


Message History

There is a stone staircase leading up here.
You climb upwards.
There is a stone staircase leading down here.
There is a staircase leading out of the dungeon here.
You see here a +0 club.
Unknown command.
There is a staircase leading out of the dungeon here.
You see here a +0 club.
Okay, then.
You start waiting.
A monstrous demonspawn comes into view.
Here: a monstrous demonspawn, wearing a +0 chain mail An open door.
Here: a monstrous demonspawn, wearing a +0 chain mail The floor.
The monstrous demonspawn closely misses you. x2
The monstrous demonspawn gores you but does no damage.
Periwinkle hits the monstrous demonspawn with a +0 lajatang of freezing!!
Periwinkle freezes the monstrous demonspawn!
You have escaped!

#.....#########.##..# #.#
#.###.## ##.##..# #.# #.#
#..# ##..##..# #.# #.###..#
##...##..### #.#
#......#####..........###
#..
###.##..............÷...#
#.# #.##..###'#######+###.#
#.# #..)..#..⌠..R>...⌠..#.#
#.# ###...#.....6@......#.#
#.#
#...+⌠....###....⌠'.######.#
#.))#.............#.........
#...#######'#######..##.#.##
#...#.............#..##.#.#
#...#.............#..##.#.#
#..÷#.............#..##.#.##
#...###############..##.#..#
#.....................#.##.#


You could see the friendly Periwinkle the battlemage and a monstrous demonspawn.

Vanquished Creatures
  3 ancient liches (Zot:5)
  4 orbs of fire
  2 juggernauts
  Sojobo (Vaults:2)
  Xtahua (Vaults:5)
  2 Killer Klowns
  Frederick (Vaults:2)
  Bai Suzhen (Shoals:4)
  A shard shrike (Zot:4)
  A curse toe (Zot:4)
  2 caustic shrikes (Depths:3)
  Jory (Vaults:5)
  the Enchantress (Depths:2)
  14 golden dragons
  A bone dragon (Depths:5)
  Arachne (Spider:4)
  A Brimstone Fiend (Zot:1)
  An electric golem (Zot:1)
  The ghost of Duoroon the Geomancer, an adept OgEE of Vehumet (Spider:1)
  12 tentacled monstrosities
  5 liches
  Asterion (Vaults:2)
  4 titans
  4 quicksilver dragons
  20 Orb Guardians (Zot:5)
  A kraken (Shoals:2)
  2 deep elf blademasters
  An ancient champion (Vaults:2)
  4 sphinxes
  2 death cobs (Zot:3)
  Kirke (Shoals:3)
  A shadow dragon (shapeshifter) (Depths:2)
  16 storm dragons
  12 shadow dragons
  The ghost of Kehia the Scorcher, an adept DrWn of Okawaru (Shoals:1)
  8 draconian monks
  6 fire giants
  Ilsuiw (Shoals:2)
  6 tengu reavers
  14 frost giants
  A balrug (Depths:3)
  7 draconian knights
  An emperor scorpion (Spider:3)
  9 deep elf sorcerers
  2 iron dragons
  4 large abominations
  A ghost moth (Spider:4)
  6 draconian stormcallers
  20 vault wardens
  2 deep elf elementalists (Elf:3)
  A draconian shifter (Zot:1)
  5 spriggan defenders
  27 very ugly things
  16 ironheart preservers
  4 draconian annihilators
  5 war gargoyles
  2 entropy weavers
  6 green draconians
  The ghost of Qeimiotua the Blocker, a journeyman MiFi of Okawaru (Lair:5)
  21 stone giants
  A vampire knight (Depths:4)
  12 black draconians
  7 deep elf demonologists
  10 white draconians
  7 deep elf annihilators
  4 purple draconians
  2 spark wasps
  16 red draconians
  9 yellow draconians
  A minotaur (Gauntlet)
  5 merfolk javelineers
  21 ettins
  7 deep elf death magi
  A merfolk impaler (Shoals:2)
  Josephine (D:15)
  13 fire dragons
  7 deep elf high priests
  15 ogre magi
  4 great orbs of eyes
  2 jiangshi (Depths:1)
  16 yaktaur captains
  41 vault guards
  Erolcha (Orc:2)
  A great orb of eyes (shapeshifter) (Depths:3)
  7 rakshasas
  3 hydras
  5 spriggan air magi
  2 catoblepae
  11 ice dragons
  15 centaur warriors
  A death knight (Vaults:2)
  40 two-headed ogres
  2 satyrs
  20 dancing weapons
  3 hell hogs (Depths:5)
  7 death yaks
  3 merfolk aquamancers (Shoals:4)
  3 deep troll shamans
  2 merfolk avatars (Shoals:3)
  2 vampire magi
  8 deep troll earth magi
  7 small abominations
  2 orc high priests (Orc:2)
  3 tengu warriors
  8 spriggan berserkers
  24 deep elf knights
  A titan skeleton (Vaults:5)
  Nergalle (Lair:3)
  4 skeletal warriors
  5 iron trolls
  A sixfirhy (Gauntlet)
  7 hell knights (Depths:5)
  A salamander mystic (Depths:3)
  11 sea snakes
  20 deep trolls
  6 flayed ghosts
  9 glowing orange brains
  2 unseen horrors
  5 wizards
  A golden dragon skeleton (Depths:3)
  A lindwurm (Lair:6)
  5 phantasmal warriors
  15 deep elf archers
  5 necromancers
  A shadow dragon zombie (Vaults:4)
  14 ironbrand convokers
  11 orc knights
  15 harpies
  2 mana vipers (shapeshifter)
  14 fauns
  52 deep elf magi
  11 wolf spiders
  2 oklob plants (Lair:6)
  8 cyclopes
  12 orb spiders
  23 ugly things
  A stone giant zombie (Vaults:5)
  A frost giant skeleton (Vaults:5)
  16 manticores
  4 elephants
  2 moths of wrath (shapeshifter)
  2 salamanders (Depths:3)
  2 black mambas (Lair:6)
  A cyclops (shapeshifter) (Depths:1)
  3 centaur zombies
  27 moths of wrath
  4 water nymphs
  9 merfolk sirens
  Joseph (D:8)
  8 vault sentinels
  6 torpor snails
  3 gargoyles
  8 spiny frogs
  A rime drake (Lair:4)
  2 spiny frogs (shapeshifter)
  5 freezing wraiths
  4 human zombies
  A yaktaur zombie (Vaults:5)
  A kobold demonologist (D:10)
  6 komodo dragons
  3 efreet
  13 demonic crawlers
  4 tengu conjurers
  44 yaktaurs
  18 merfolk
  A troll (shapeshifter) (Vaults:2)
  2 queen bees (shapeshifter)
  A meliai (shapeshifter) (Elf:1)
  A harpy zombie (D:14)
  11 trolls
  7 polar bears (Lair:6)
  15 jumping spiders
  Prince Ribbit (D:8)
  2 tyrant leeches (Lair:6)
  21 hornets
  A raiju (Lair:6)
  4 wind drakes
  A sphinx simulacrum (Vaults:5)
  A polar bear (shapeshifter) (Vaults:1)
  31 slime creatures
  9 blink frogs
  3 dream sheep (Shoals:3)
  3 snapping turtles
  6 hippogriffs
  A shadow (D:15)
  Sigmund (D:2)
  21 tarantellas
  A spriggan (shapeshifter) (Vaults:5)
  2 wyverns
  58 redbacks
  A ynoxinul (D:11)
  7 spriggans
  2 basilisks
  4 wraiths
  6 fire elementals
  3 hogs (Shoals:3)
  A hungry ghost (D:7)
  37 yaks
  A human (D:8)
  16 water elementals
  6 wargs
  Menkaure (D:4)
  4 acid dragons
  2 hydra simulacra (Zot:4)
  17 hell hounds
  9 porcupines
  11 water moccasins
  A floating eye (shapeshifter) (Vaults:4)
  22 orc warriors
  2 slaves (D:4)
  A sky beast (D:12)
  An eye of draining (shapeshifter) (Vaults:5)
  2 phantoms
  10 black bears
  A hornet zombie (D:15)
  2 eyes of draining
  A necrophage (D:13)
  40 ogres
  13 boggarts
  12 centaurs
  27 wolves
  8 crocodiles
  7 bullfrogs
  2 big kobolds
  A gnoll sergeant (D:7)
  6 earth elementals
  2 scorpions
  2 killer bees
  2 electric eels
  3 wights (D:12)
  3 howler monkeys
  2 jellies
  5 crimson imps
  A quasit (Depths:3)
  2 human simulacra
  26 orc priests
  2 bullfrog skeletons
  5 hounds
  22 orc wizards
  6 centaur skeletons
  11 human skeletons
  Jessica (D:2)
  Terence (D:2)
  2 iguanas (D:5)
  A worker ant (shapeshifter) (D:12)
  Natasha (thrice) (D:2)
  6 hell rats (Lair:6)
  4 worker ants
  A hound skeleton (D:6)
  A worker ant zombie (D:5)
  2 gnolls
  2 adders
  A howler monkey skeleton (D:5)
  3 shadow imps
  2 ufetubi (Gauntlet)
  5 oozes (D:1)
  An adder zombie (D:7)
  2 dart slugs
  4 leopard geckos
  54 orcs
  7 bats
  5 giant cockroaches
  11 goblins
  4 hobgoblins
  6 jackals
  13 kobolds
  A quokka (D:7)
  8 frilled lizards
  A quokka skeleton (D:6)
  11 rats
  4 plants
1903 creatures vanquished.

Vanquished Creatures (collateral kills)
  2 orbs of fire (Zot:5)
  Mara (Spider:4)
  Saint Roka (Depths:5)
  3 Killer Klowns (Zot:5)
  2 electric golems (Zot:5)
  A tentacled monstrosity (Zot:5)
  A titan (Vaults:5)
  3 quicksilver dragons
  5 Orb Guardians (Zot:5)
  A deep elf master archer (Elf:3)
  Gastronok (Lair:2)
  3 death cobs
  4 storm dragons
  A sphinx (Vaults:5)
  A shadow dragon (Vaults:5)
  2 tengu reavers
  5 fire giants
  3 draconian monks
  An iron dragon (Vaults:5)
  3 draconian knights
  4 vault wardens
  3 draconian scorchers (Zot:4)
  3 deep elf sorcerers
  4 frost giants
  Louise (Spider:3)
  A draconian stormcaller (Zot:3)
  2 deep elf elementalists (Elf:3)
  4 ironheart preservers
  9 very ugly things
  2 spriggan defenders (Depths:4)
  4 stone giants
  An entropy weaver (Vaults:5)
  Azrael (D:15)
  A vampire knight (Depths:3)
  2 green draconians
  3 deep elf demonologists
  3 black draconians
  7 red draconians
  4 purple draconians
  4 yellow draconians
  4 ettins
  2 spark wasps
  2 white draconians
  A merfolk javelineer (Shoals:2)
  2 fire dragons
  A deep elf high priest (Vaults:5)
  3 yaktaur captains
  A merfolk impaler (Shoals:4)
  4 vault guards
  A hydra (Lair:6)
  5 great orbs of eyes
  2 ice dragons
  8 two-headed ogres
  A centaur warrior (Depths:1)
  A merfolk aquamancer (Shoals:4)
  An alligator (shapeshifter) (Vaults:5)
  5 dancing weapons (Elf:2)
  A merfolk avatar (Shoals:4)
  4 ogre magi
  2 orc high priests (Orc:2)
  5 deep troll shamans
  7 death yaks
  3 spriggans (Depths:2)
  A spriggan berserker (Depths:4)
  2 deep troll earth magi
  Urug (Lair:3)
  5 hell knights (Depths:5)
  5 deep elf knights
  5 sea snakes
  2 iron trolls (Zot:2)
  3 unseen horrors
  2 glowing orange brains
  6 deep trolls
  2 ironbrand convokers
  6 deep elf archers
  2 wizards
  4 ugly things
  2 orb spiders
  A phantasmal warrior (Vaults:4)
  Pikel (D:4)
  5 harpies
  An orc sorcerer (Orc:2)
  2 necromancers
  2 cyclopes (Vaults:1)
  5 wolf spiders
  2 fauns (Shoals:2)
  A salamander (Depths:3)
  13 deep elf magi
  9 moths of wrath
  4 elephants
  2 vault sentinels
  2 water nymphs (Shoals:4)
  A black mamba (Lair:4)
  3 spiny frogs
  A centaur skeleton (D:10)
  An orange demon (D:12)
  A hellion (Zot:1)
  A torpor snail (Lair:6)
  A komodo dragon (Lair:6)
  9 yaktaurs
  2 freezing wraiths
  7 merfolk
  A tyrant leech (Lair:6)
  2 polar bears
  Grinder (D:4)
  9 jumping spiders
  7 trolls
  2 wind drakes (Shoals:2)
  5 hornets
  2 large abominations (Depths:4)
  A dream sheep (Shoals:3)
  4 snapping turtles
  A raiju (shapeshifter) (Vaults:3)
  A tengu simulacrum (Vaults:2)
  7 blink frogs
  3 slime creatures
  6 hippogriffs
  14 redbacks
  2 tarantellas
  3 water elementals
  A vampire (D:10)
  2 wraiths (D:15)
  2 fire elementals (D:15)
  12 yaks
  2 wyverns
  A hog (Shoals:3)
  A hungry ghost (D:9)
  A yak (shapeshifter) (Vaults:4)
  A warg (Lair:6)
  A human zombie (Depths:3)
  3 hell hounds
  3 water moccasins
  A hornet zombie (D:10)
  10 orc warriors
  3 porcupines
  3 black bears
  A phantom (D:8)
  13 ogres
  4 boggarts
  6 wolves
  6 crocodiles
  5 centaurs
  A big kobold (D:11)
  9 bullfrogs
  Blork the orc (D:4)
  A small abomination (Depths:4)
  2 scorpions (D:6)
  6 killer bees
  4 wights (D:10)
  2 electric eels (Elf:3)
  3 howler monkeys
  5 crimson imps
  A bullfrog zombie (D:5)
  6 orc priests
  2 centaur zombies
  2 hounds
  2 human skeletons (Vaults:4)
  15 orc wizards
  A bullfrog skeleton (D:6)
  2 iguanas
  4 worker ants
  A hound skeleton (D:11)
  A howler monkey zombie (D:5)
  Robin (D:2)
  7 gnolls
  6 adders
  A shadow imp (D:6)
  2 adder skeletons (D:4)
  A worm (D:3)
  2 leopard geckos
  31 orcs
  A giant cockroach (D:5)
  4 goblins
  5 hobgoblins
  A jackal (D:10)
  A quokka (D:10)
  3 bats
  A frilled lizard (D:5)
  2 jackal zombies
  6 kobolds
  2 rats (D:3)
  3 plants
602 creatures vanquished.

Vanquished Creatures (others)
  Nikola (Spider:4)
  3 fire giants
  3 emperor scorpions
  A ghost moth (Spider:4)
  An entropy weaver (Spider:1)
  A spark wasp (Spider:4)
  A merfolk impaler (Shoals:2)
  A deep elf high priest (Elf:3)
  A hydra (D:14)
  A centaur warrior (D:14)
  A skeletal warrior (D:15)
  2 wolf spiders
  An orb spider (Spider:1)
  A moth of wrath (Gauntlet)
  A centaur skeleton (D:15)
  A demonic crawler (Spider:2)
  A merfolk (Shoals:1)
  A tyrant leech (Lair:6)
  A polar bear (Lair:6)
  A hippogriff (D:13)
  6 redbacks
  2 tarantellas
  4 yaks
  A sky beast (shapeshifter) (D:14)
  2 ogres (D:7)
  A howler monkey (D:7)
  An orc wizard (D:7)
  A bullfrog skeleton (D:7)
  A worker ant (D:7)
  89 battlemagi
  A giant cockroach (D:4)
  A quokka (D:7)
  44 fungi
  31 plants
  50 spectral weapons
  7 tentacles (Shoals:2)
267 creatures vanquished.

Grand Total: 2772 creatures vanquished

Notes
Turn   | Place    | Note
-------+----------+-------------------------------------------
     0 | D:1      | Goreval the Demonspawn Monk began the quest for the Orb.
     0 | D:1      | Reached XP level 1. HP: 18/18 MP: 1/1
     1 | D:1      | Found a runed translucent door.
   198 | D:1      | Gained mutation: You are partially covered in yellow
                  | scales. (AC +2) [demonic ancestry]
   198 | D:1      | Reached XP level 2. HP: 24/24 MP: 2/2
   897 | D:1      | Gained mutation: You are slightly more attuned to the
                  | shadows. [demonic ancestry]
   897 | D:1      | Reached XP level 3. HP: 24/29 MP: 3/3
  1171 | D:2      | Noticed Robin
  1241 | D:2      | Noticed Natasha
  1252 | D:2      | Killed Natasha
  1252 | D:2      | Gained mutation: You have sharp toenails. [demonic
                  | ancestry]
  1252 | D:2      | Reached XP level 4. HP: 27/37 MP: 4/4
  1368 | D:2      | Noticed Terence
  1372 | D:2      | Noticed Natasha
  1400 | D:2      | Killed Natasha
  1400 | D:2      | Reached skill level 4 in Fighting
  1414 | D:2      | Killed Terence
  1414 | D:2      | Reached XP level 5. HP: 42/42 MP: 5/5
  1427 | D:2      | Noticed Sigmund
  1439 | D:2      | Noticed Natasha
  1456 | D:2      | Killed Natasha
  1599 | D:2      | Killed Sigmund
  1599 | D:2      | Reached skill level 5 in Polearms
  1599 | D:2      | Gained mutation: When hurt, damage is shared between your
                  | health and your magic reserves. [demonic ancestry]
  1599 | D:2      | Reached XP level 6. HP: 30/49 MP: 6/6
  1850 | D:2      | Found a hazy altar of Hepliaklqana.
  1899 | D:2      | Became a worshipper of Hepliaklqana the Forgotten
  1899 | D:2      | Reached * piety under Hepliaklqana
  1899 | D:2      | Reached ** piety under Hepliaklqana
  1905 | D:2      | Remembered your ancestor Periwinkle as a battlemage
  2031 | D:2      | Killed Robin
  2139 | D:2      | Noticed Jessica
  2144 | D:2      | Killed Jessica
  2368 | D:3      | Found an ancient bone altar of Kikubaaqudgha.
  2425 | D:3      | Noticed a +0 hand axe
  2426 | D:3      | Noticed a +0 hand axe
  2429 | D:3      | Found a hide-covered altar of Uskayaw.
  2505 | D:3      | Found a white marble altar of Elyvilon.
  2711 | D:3      | Reached skill level 5 in Fighting
  3094 | D:4      | Noticed Grinder
  3098 | D:4      | Killed Grinder
  3098 | D:4      | Gained mutation: You have razor-sharp toenails. [demonic
                  | ancestry]
  3098 | D:4      | Reached XP level 7. HP: 34/50 MP: 4/7
  3405 | D:4      | Noticed Pikel
  3414 | D:4      | Killed Pikel
  3414 | D:4      | Reached skill level 6 in Fighting
  3414 | D:4      | Reached XP level 8. HP: 56/57 MP: 8/8
  3494 | D:4      | Noticed Blork the orc
  3499 | D:4      | Killed Blork the orc
  3683 | D:4      | Noticed Menkaure
  3690 | D:4      | Killed Menkaure
  3882 | D:5      | Entered Level 5 of the Dungeon
  4127 | D:5      | Reached skill level 7 in Fighting
  4415 | D:5      | Reached *** piety under Hepliaklqana
  4847 | D:6      | Reached XP level 9. HP: 47/64 MP: 7/9
  5171 | D:6      | Reached skill level 1 in Invocations
  5290 | D:6      | Got an ancient chain mail
  5942 | D:7      | Reached skill level 1 in Armour
  6243 | D:7      | Found a staircase to the Ecumenical Temple.
  6356 | D:7      | Found Huelu's Jewellery Shoppe.
  6399 | D:7      | Reached **** piety under Hepliaklqana
  6404 | D:7      | Learned a level 3 spell: Spectral Weapon
  6408 | D:7      | Learned a level 3 spell: Regeneration
  6410 | D:7      | Learned a level 1 spell: Infusion
  6446 | D:7      | Identified the +5 chain mail "Kiruidai" {*Corrode Dex+2
                  | SInv Stlth+} (You found it on level 6 of the Dungeon)
  6532 | D:7      | Found a shimmering altar of Xom.
  6925 | D:8      | Reached skill level 8 in Fighting
  6925 | D:8      | Reached skill level 10 in Polearms
  7166 | D:8      | Noticed Prince Ribbit
  7172 | D:8      | Killed Prince Ribbit
  7494 | D:8      | Noticed Joseph
  7802 | D:8      | Killed Joseph
  7802 | D:8      | Gained mutation: You have claws for feet. [demonic
                  | ancestry]
  7802 | D:8      | Reached XP level 10. HP: 63/73 MP: 7/10
  8209 | D:9      | Found a snail-covered altar of Cheibriados.
  8475 | D:9      | Found a stormy altar of Qazlal.
  8686 | D:9      | Found a burning altar of Makhleb.
  8736 | D:10     | Entered Level 10 of the Dungeon
  9178 | D:10     | Reached skill level 9 in Fighting
  9333 | D:10     | Reached skill level 5 in Armour
  9676 | D:10     | Found a staircase to the Orcish Mines.
  9677 | D:10     | Reached ***** piety under Hepliaklqana
  9745 | D:10     | Noticed a gargoyle
  9813 | D:9      | Gained mutation: Your body sometimes deteriorates upon
                  | taking damage. [potion of mutation]
  9813 | D:9      | Gained mutation: You are somewhat resistant to further
                  | mutation. [potion of mutation]
  9815 | D:9      | Lost mutation: Your body sometimes deteriorates upon taking
                  | damage. [potion of mutation]
  9815 | D:9      | Lost mutation: You are somewhat resistant to further
                  | mutation. [potion of mutation]
  9815 | D:9      | Gained mutation: You expend magic power (3 MP) to
                  | strengthen your wands. [potion of mutation]
  9815 | D:9      | Gained mutation: You evolve. [potion of mutation]
  9815 | D:9      | Gained mutation: You rapidly evolve. [potion of mutation]
  9815 | D:9      | Gained mutation: Your system is resistant to poisons.
                  | (rPois) [potion of mutation]
  9828 | D:10     | Killed a gargoyle
 10174 | D:11     | Noticed a cyclops
 10188 | D:11     | Killed a cyclops
 10188 | D:11     | Gained mutation: You are mostly covered in yellow scales.
                  | (AC +3) [demonic ancestry]
 10188 | D:11     | Reached XP level 11. HP: 60/80 MP: 7/11
 10281 | D:11     | Found Zasmys's Assorted Antiques.
 10303 | D:11     | Bought a warped silver ring for 125 gold pieces
 10303 | D:11     | Bought a heavily runed ivory amulet for 125 gold pieces
 10307 | D:11     | Identified the ring of the Furies {rN+ MR+ Str+3 Int+3
                  | Stlth+} (You bought it in a shop on level 11 of the
                  | Dungeon)
 10314 | D:11     | Identified the amulet of Ymiy {Spirit rF+ Str+2 Slay+4}
                  | (You bought it in a shop on level 11 of the Dungeon)
 10424 | D:10     | Gained mutation: You are resistant to hostile enchantments.
                  | (MR+) [evolution]
 11062 | D:11     | Noticed a two-headed ogre
 11227 | D:11     | Reached skill level 10 in Fighting
 11277 | D:11     | Noticed an unseen horror
 11303 | D:11     | Bought a runed trident for 162 gold pieces
 11316 | D:11     | Bought a runed cloak for 187 gold pieces
 11408 | D:11     | Killed a two-headed ogre
 11633 | D:11     | Found a staircase to the Lair.
 11693 | D:11     | Killed an unseen horror
 11707 | D:11     | Noticed a purple ugly thing
 11713 | D:11     | Killed a purple ugly thing
 11959 | D:11     | Noticed a purple ugly thing
 11970 | D:11     | Killed a purple ugly thing
 11970 | D:11     | Reached skill level 1 in Charms
 12222 | Lair:1   | Entered Level 1 of the Lair of Beasts
 12293 | Lair:1   | Gained mutation: You are completely covered in yellow
                  | scales. (AC +4, rCorr) [demonic ancestry]
 12293 | Lair:1   | Reached XP level 12. HP: 89/89 MP: 13/13
 12510 | Lair:1   | Reached skill level 11 in Fighting
 12667 | Lair:1   | Noticed a five-headed hydra
 12676 | Lair:1   | Killed a five-headed hydra
 13032 | Lair:1   | Gained mutation: Your flesh is heat resistant. (rF+)
                  | [evolution]
 13150 | Lair:2   | Noticed Gastronok
 13159 | Lair:2   | Killed Gastronok
 14237 | Lair:3   | Noticed Urug
 14316 | Lair:3   | Killed Urug
 14493 | Lair:3   | Reached skill level 5 in Invocations
 14828 | Lair:3   | Noticed Nergalle
 14833 | Lair:3   | Killed Nergalle
 14833 | Lair:3   | Reached skill level 5 in Charms
 15655 | Lair:4   | Found a hole to the Spider Nest.
 15725 | Lair:4   | Reached ****** piety under Hepliaklqana
 15795 | Lair:4   | Found a staircase to the Shoals.
 15871 | Lair:4   | Noticed a death yak
 15875 | Lair:4   | Noticed a death yak
 15875 | Lair:4   | Noticed a death yak
 15878 | Lair:4   | Noticed a death yak
 15878 | Lair:4   | Killed a death yak
 15878 | Lair:4   | Noticed a death yak
 15880 | Lair:4   | Noticed a death yak
 15881 | Lair:4   | Killed a death yak
 15881 | Lair:4   | Gained mutation: You are significantly more attuned to the
                  | shadows. [demonic ancestry]
 15881 | Lair:4   | Reached XP level 13. HP: 94/95 MP: 14/17
 16872 | Lair:5   | Found a runed translucent door.
 18240 | Lair:5   | Noticed Qeimiotua's ghost (journeyman MiFi)
 18274 | Lair:5   | Killed Qeimiotua's ghost
 18274 | Lair:5   | Reached skill level 12 in Fighting
 18306 | Lair:5   | Got a crystal war axe
 18349 | Lair:6   | Entered Level 6 of the Lair of Beasts
 18729 | Lair:5   | Reached skill level 15 in Polearms
 18995 | Lair:6   | Identified 2 scrolls of acquirement
 19169 | Lair:6   | Gained mutation: Your body sometimes deteriorates upon
                  | taking damage. [evolution]
 19369 | Lair:6   | Reached skill level 1 in Hexes
 19369 | Lair:6   | Reached XP level 14. HP: 103/103 MP: 20/20
 19373 | Lair:6   | Learned a level 2 spell: Song of Slaying
 19471 | Lair:6   | Got a dazzling broad axe
 19477 | Lair:6   | Identified the cursed +1 broad axe of Gloom {chop, Fragile
                  | rPois Str+2 Int+4} (You found it on level 6 of the Lair of
                  | Beasts)
 19672 | Lair:5   | Identified the +9 war axe of the Present {flame, Int+3
                  | Dex+2} (You found it on level 5 of the Lair of Beasts)
 19731 | Lair:6   | Found a staircase to the Slime Pits.
 19731 | Lair:6   | Found a viscous altar of Jiyva.
 20087 | Lair:6   | Found a runed translucent door.
 20466 | Lair:6   | Gained mutation: You possess an exceptional clarity of
                  | mind. [evolution]
 21472 | D:12     | Found a gate leading to a gauntlet.
 21499 | Gauntlet | Entered a Gauntlet
 21499 | Gauntlet | Found a runed translucent door.
 21499 | Gauntlet | Found a transporter.
 21526 | Gauntlet | Found a runed translucent door.
 21528 | Gauntlet | Found a transporter.
 21550 | Gauntlet | Found a transporter.
 21633 | Gauntlet | Found a runed translucent door.
 21656 | Gauntlet | Found a transporter.
 21674 | Gauntlet | Found a transporter.
 21768 | Gauntlet | Found a transporter.
 21801 | Gauntlet | Found a transporter.
 21837 | Gauntlet | Found a transporter.
 21847 | Gauntlet | Reached skill level 5 in Hexes
 21900 | Gauntlet | Found a transporter.
 21927 | Gauntlet | Got a faintly humming hat
 21957 | Gauntlet | Identified the +2 hat of Utenaes {+Blink rElec rF+ Int+3}
                  | (You found it in a Gauntlet)
 22239 | D:12     | Noticed a fire giant
 22246 | D:12     | Banished a fire giant
 22298 | D:12     | Reached skill level 10 in Invocations
 22302 | D:12     | Noticed a fire giant
 22310 | D:12     | Banished a fire giant
 22857 | D:12     | Noticed Fannar
 22862 | D:12     | Banished Fannar
 22975 | D:12     | Reached skill level 13 in Fighting
 23214 | D:13     | Gained mutation: You are completely attuned to the shadows.
                  | [demonic ancestry]
 23214 | D:13     | Reached XP level 15. HP: 88/110 MP: 12/22
 23288 | D:13     | Got a bound bone ring
 23290 | D:13     | Identified the ring "Vaasupyf" {SInv Stlth+} (You found it
                  | on level 13 of the Dungeon)
 23690 | D:13     | Found Xytarpheusch's General Store.
 23742 | D:13     | Found a gate to the Vaults.
 24295 | D:13     | Learned a level 2 spell: Swiftness
 24299 | D:13     | Learned a level 3 spell: Ozocubu's Armour
 24459 | D:13     | Reached skill level 1 in Necromancy
 25073 | D:14     | Got a smoking lajatang
 25075 | D:14     | Identified the +7 lajatang "Fuelumm" {flame, rElec Stlth+}
                  | (You found it on level 14 of the Dungeon)
 25381 | D:14     | Lost mutation: You rapidly evolve. [evolution]
 25456 | D:14     | Got a smoking long sword
 25463 | D:14     | Got a dazzling dire flail
 25466 | D:14     | Identified the +9 dire flail of the Badger {drain, rPois
                  | Dex+6} (You found it on level 14 of the Dungeon)
 25470 | D:14     | Found the +6 Majin-Bo {vamp, Archmagi MP+6 Int+6}
 25639 | D:14     | Found Esuam's Gadget Shop.
 25787 | D:14     | You fall into a shaft and drop 1 floor!
 25787 | D:15     | Entered Level 15 of the Dungeon
 26044 | D:15     | Got a slimy morningstar
 26109 | D:15     | Noticed Roxanne
 26444 | D:15     | Noticed Azrael
 26452 | D:15     | Killed Azrael
 26603 | D:15     | Found a staircase to the Depths.
 26603 | D:15     | Noticed a fire giant
 26606 | D:15     | Banished a fire giant
 26697 | D:15     | Noticed Josephine
 26701 | D:15     | Killed Josephine
 27141 | Spider:1 | Entered Level 1 of the Spider Nest
 27626 | Spider:1 | Reached skill level 5 in Necromancy
 27892 | Spider:1 | Found a runed translucent door.
 27892 | Spider:1 | Found a shimmering altar of Xom.
 27892 | Spider:1 | Noticed Duoroon's ghost (adept OgEE)
 27934 | Spider:1 | Lost mutation: Your system is resistant to poisons. (rPois)
                  | [evolution]
 29121 | Spider:2 | Reached XP level 16. HP: 78/117 MP: 15/23
 29319 | Spider:2 | Got a translucent spear
 29321 | Spider:2 | Identified the +4 spear of Iconoclasm {pierce, Dex+4} (You
                  | found it on level 2 of the Spider Nest)
 30380 | Spider:3 | Noticed Louise
 30549 | Spider:3 | Killed Louise
 30726 | Spider:3 | Got a slimy ring mail
 31849 | Spider:4 | Entered Level 4 of the Spider Nest
 31884 | Spider:4 | Identified the cursed +0 ring mail of Duty {rF- Str+4
                  | Dex+7} (You found it on level 3 of the Spider Nest)
 32255 | Spider:4 | Noticed Arachne
 32271 | Spider:4 | Killed Arachne
 32271 | Spider:4 | Reached skill level 10 in Armour
 32271 | Spider:4 | Reached skill level 10 in Charms
 32717 | Spider:4 | Noticed Nikola
 32725 | Spider:4 | Killed Nikola
 32908 | Spider:4 | Reached skill level 14 in Fighting
 33134 | Spider:4 | Got a gossamer rune of Zot
 33441 | Spider:4 | Gained mutation: You are highly resistant to hostile
                  | enchantments. (MR++) [evolution]
 33566 | Spider:4 | Noticed Mara
 33577 | Spider:4 | Noticed Goreval's illusion
 34281 | Shoals:1 | Entered Level 1 of the Shoals
 34591 | Shoals:1 | Found a runed translucent gate.
 34591 | Shoals:1 | Found a runed translucent gate.
 34591 | Shoals:1 | Found a runed translucent gate.
 34596 | Shoals:1 | Noticed Kehia's ghost (adept DrWn)
 34711 | Shoals:1 | Gained mutation: You regenerate magic rapidly. [demonic
                  | ancestry]
 34711 | Shoals:1 | Reached XP level 17. HP: 125/125 MP: 24/24
 35355 | Shoals:2 | Noticed Polyphemus
 35363 | Shoals:2 | Banished Polyphemus
 35407 | Shoals:1 | Lost mutation: You are highly resistant to hostile
                  | enchantments. (MR++) [potion of mutation]
 35407 | Shoals:1 | Lost mutation: Your body sometimes deteriorates upon taking
                  | damage. [potion of mutation]
 35407 | Shoals:1 | Lost mutation: You expend magic power (3 MP) to strengthen
                  | your wands. [potion of mutation]
 35407 | Shoals:1 | Lost mutation: You are resistant to hostile enchantments.
                  | (MR+) [potion of mutation]
 35407 | Shoals:1 | Gained mutation: You are clumsy. (Dex -2) [potion of
                  | mutation]
 35407 | Shoals:1 | Gained mutation: You expend magic power (3 MP) to
                  | strengthen your wands. [potion of mutation]
 35407 | Shoals:1 | Gained mutation: Your muscles are strong. (Str +2) [potion
                  | of mutation]
 37427 | Shoals:2 | Reached skill level 1 in Spellcasting
 37733 | Shoals:2 | Noticed Ilsuiw
 38041 | Shoals:2 | Noticed a kraken
 38054 | Shoals:2 | Killed a kraken
 38153 | Shoals:2 | Gained mutation: You have a pair of small horns on your
                  | head. [evolution]
 38639 | Shoals:3 | Noticed Kirke
 38648 | Shoals:3 | Killed Kirke
 39384 | Shoals:4 | Entered Level 4 of the Shoals
 40492 | Shoals:4 | Reached skill level 5 in Dodging
 41014 | Shoals:4 | Found the +3 pair of gauntlets of War {Slay+5}
 41134 | Shoals:4 | Noticed Bai Suzhen
 41141 | Shoals:4 | Killed Bai Suzhen
 41198 | Shoals:4 | Gained mutation: You resist negative energy. (rN+) [demonic
                  | ancestry]
 41198 | Shoals:4 | Reached XP level 18. HP: 101/132 MP: 20/26
 41206 | Shoals:4 | Learned a level 5 spell: Excruciating Wounds
 41212 | Shoals:4 | Learned a level 5 spell: Agony
 41663 | Shoals:4 | Got a barnacled rune of Zot
 42206 | Vaults:1 | Entered Level 1 of the Vaults
 42740 | Vaults:1 | Reached skill level 5 in Spellcasting
 42751 | Vaults:1 | Learned a level 4 spell: Animate Dead
 43004 | Vaults:1 | Reached skill level 15 in Fighting
 43242 | Vaults:1 | Reached skill level 10 in Necromancy
 44436 | Vaults:2 | Found Xiwear's General Store.
 45162 | Vaults:2 | Gained mutation: You passively map a small area around you.
                  | [evolution]
 45162 | Vaults:2 | Lost mutation: You evolve. [end of evolution]
 45171 | Vaults:2 | Got a transparent brass ring
 45549 | Vaults:2 | Gained mutation: You are somewhat able to resist unholy
                  | torments (1 in 2 success). [demonic ancestry]
 45549 | Vaults:2 | Reached XP level 19. HP: 138/138 MP: 27/27
 46910 | Vaults:2 | Noticed Sojobo
 46910 | Vaults:2 | Noticed Frederick
 46917 | Vaults:2 | Killed Frederick
 46930 | Vaults:2 | HP: 7/141 [Sojobo/+2 vampiric great sword (5)]
 46937 | Vaults:2 | Killed Sojobo
 47274 | Vaults:2 | Noticed Asterion
 47282 | Vaults:2 | Killed Asterion
 47641 | Vaults:2 | Learned a level 2 spell: Shroud of Golubria
 48179 | Vaults:3 | You fall into a shaft and drop 1 floor!
 48355 | Vaults:4 | Reached skill level 16 in Fighting
 48382 | Vaults:4 | Reached XP level 20. HP: 102/147 MP: 24/28
 48383 | Vaults:4 | Found Xinac's Gadget Shop.
 48445 | Vaults:3 | Found a flickering gateway to a bazaar.
 48454 | Bazaar   | Entered a bazaar
 48544 | Bazaar   | Found Hacaentu's Jewellery Boutique.
 48561 | Bazaar   | Found Giquiruh's Assorted Antiques.
 48566 | Bazaar   | Bought a faintly glowing wooden ring for 130 gold pieces
 48566 | Bazaar   | Bought a scroll of blinking for 195 gold pieces
 48567 | Bazaar   | Identified the ring "Epatioje" {+Blink +Inv rC+ Slay+3}
                  | (You bought it in a shop in a bazaar)
 48574 | Bazaar   | Identified the ring of Bejon {rPois Dex-4 Slay+2 Stlth+}
                  | (You found it on level 2 of the Vaults)
 48597 | Bazaar   | Found Achaox's General Store.
 48615 | Bazaar   | Found Izaimosu's Antique Armour Shoppe.
 50134 | Vaults:3 | Found a staircase to the Crypt.
 51540 | Vaults:4 | Learned a level 2 spell: Passwall
 51632 | Vaults:4 | Reached skill level 17 in Fighting
 51721 | Vaults:4 | Reached skill level 15 in Necromancy
 51721 | Vaults:4 | Reached skill level 1 in Transmutations
 51721 | Vaults:4 | Reached skill level 1 in Earth Magic
 52980 | Orc:1    | Entered Level 1 of the Orcish Mines
 53483 | Orc:2    | Entered Level 2 of the Orcish Mines
 53502 | Orc:2    | Found a staircase to the Elven Halls.
 53747 | Orc:2    | Found Wyolugat's Assorted Antiques.
 53748 | Orc:2    | Found Zyibryd's Book Shop.
 53749 | Orc:2    | Found Rodecuuf's Book Boutique.
 53750 | Orc:2    | Found Dawi's Book Boutique.
 53753 | Orc:2    | Bought a book of the Sky for 910 gold pieces
 53754 | Orc:2    | Bought a book of Spatial Translocations for 715 gold pieces
 53818 | Orc:2    | Reached skill level 10 in Dodging
 53818 | Orc:2    | Reached XP level 21. HP: 136/156 MP: 29/29
 54110 | Orc:2    | Noticed Erolcha
 54113 | Orc:2    | Killed Erolcha
 54510 | Elf:1    | Entered Level 1 of the Elven Halls
 55030 | Elf:1    | Found Zereahi's Antique Armour Shoppe.
 55044 | Elf:1    | Bought a runed plate armour for 780 gold pieces
 55305 | D:7      | Bought the ring "Pysie" {Ice rElec MR+ Slay+6} for 907 gold
                  | pieces
 56004 | Elf:1    | Found a runed translucent gate.
 56004 | Elf:1    | Found a runed translucent gate.
 56004 | Elf:1    | Found a runed translucent gate.
 56004 | Elf:1    | Found a runed translucent gate.
 56005 | Elf:1    | Found a runed translucent gate.
 56009 | Elf:1    | Found a runed translucent gate.
 56175 | Elf:1    | Found a shimmering blue altar of Sif Muna.
 56806 | Elf:2    | Found a large runed translucent door.
 56806 | Elf:2    | Found a large runed translucent door.
 56841 | Elf:2    | Found a large runed translucent door.
 56841 | Elf:2    | Found a large runed translucent door.
 56893 | Elf:2    | Reached skill level 18 in Fighting
 56980 | Elf:2    | Found a magical portal.
 58111 | Elf:2    | Reached skill level 5 in Transmutations
 58111 | Elf:2    | Reached skill level 5 in Earth Magic
 58191 | Elf:3    | Entered Level 3 of the Elven Halls
 58462 | Elf:3    | Found Wiochedo's Gadget Boutique.
 59238 | Elf:3    | Reached XP level 22. HP: 72/167 MP: 8/33
 59607 | Elf:3    | Identified the +7 glaive of the Philosopher {chop, rPois
                  | rC+ MR+}
 59609 | Elf:3    | Found the +3 hat of Pondering {ponderous, MR+ MP+10 Int+5}
 59630 | Elf:3    | Reached skill level 19 in Fighting
 59899 | Elf:3    | Learned a level 2 spell: Blink
 59932 | Elf:3    | Identified the Incunabulum of Conjuration
 59978 | Elf:3    | Got a clouded ivory amulet
 59980 | Elf:3    | Identified the amulet "Ediprune" {RegenMP *Drain rF+ Dex+3}
                  | (You found it on level 3 of the Elven Halls)
 59994 | Elf:3    | Got a steaming whip
 60002 | Elf:3    | Got a warped halberd
 60003 | Elf:3    | Identified the +6 halberd of Disaster {venom, rC+} (You
                  | found it on level 3 of the Elven Halls)
 60015 | Elf:3    | Got a dazzling plate armour
 60019 | Elf:3    | Identified the +2 plate armour "Dexaetutt" {rF+ Slay+2}
                  | (You found it on level 3 of the Elven Halls)
 60061 | Elf:3    | Got a shimmering hunting sling
 60433 | D:12     | Got a scorched glaive
 60435 | D:12     | Identified the +7 glaive "Seciss" {chop, +Rage rElec rF-
                  | rN+++} (You acquired it on level 12 of the Dungeon)
 60503 | Depths:1 | Entered Level 1 of the Depths
 60519 | Depths:1 | Reached skill level 1 in Translocations
 60914 | Depths:1 | Found Forokaej's General Store.
 61197 | Depths:1 | Found a gateway to Hell.
 62445 | Depths:2 | Found a one-way gate to the infinite horrors of the Abyss.
 62841 | Depths:2 | Reached skill level 5 in Translocations
 62847 | Depths:2 | Identified the cursed +1 giant club "Gomeimoech"
                  | {antimagic, *Slow Int+4 Dex+4 SInv}
 62847 | Depths:2 | Identified the cursed +1 giant club of Buece {crush, +Fly
                  | rN+ Dex+2}
 63281 | Depths:2 | Noticed the Enchantress
 63290 | Depths:2 | Killed the Enchantress
 63334 | Depths:2 | Found the +4 moon troll leather armour {Spirit, Regen++
                  | MP+5}
 63505 | Depths:3 | Noticed a juggernaut
 63507 | Depths:3 | Noticed a golden dragon
 63514 | Depths:3 | Killed a golden dragon
 63514 | Depths:3 | Reached XP level 23. HP: 155/176 MP: 29/35
 63516 | Depths:3 | Killed a juggernaut
 63533 | Depths:3 | Noticed a caustic shrike
 63537 | Depths:3 | Killed a caustic shrike
 63546 | Depths:3 | Reached skill level 20 in Fighting
 63550 | Depths:3 | Noticed a caustic shrike
 63566 | Depths:3 | Killed a caustic shrike
 64776 | Depths:3 | Reached skill level 1 in Air Magic
 64845 | Depths:3 | Got a transparent spear
 64937 | Depths:3 | Identified the +4 spear "Fups" {flame, *Rage MR+ Str+3
                  | Int+7} (You found it on level 3 of the Depths)
 65078 | Depths:3 | Found a one-way gate leading to the halls of Pandemonium.
 66315 | Depths:4 | Got a faintly glowing shortbow
 66522 | Depths:4 | Reached XP level 24. HP: 80/185 MP: 14/35
 66955 | Depths:4 | Found the +8 orange crystal plate armour {Archmagi, Int+3
                  | Clar}
 67049 | Depths:4 | Found a gateway to a ziggurat.
 67057 | Depths:4 | Paralysed by a floating eye for 2 turns
 67124 | Depths:4 | Paralysed by a floating eye for 4 turns
 67134 | Depths:4 | Paralysed by a floating eye for 3 turns
 67294 | Depths:4 | Identified the Disquisition on Venomous Orientation
 67450 | Depths:5 | Entered Level 5 of the Depths
 67493 | Depths:5 | Noticed a juggernaut
 67502 | Depths:5 | Killed a juggernaut
 67502 | Depths:5 | Reached skill level 5 in Air Magic
 67718 | Depths:5 | Found a corrupted altar of Lugonu.
 67829 | Depths:5 | Noticed Saint Roka
 67885 | Depths:5 | Killed Saint Roka
 68784 | Depths:5 | Found a gate to the Realm of Zot.
 69756 | Vaults:4 | Learned a level 6 spell: Deflect Missiles
 69761 | Vaults:5 | Entered Level 5 of the Vaults
 69762 | Vaults:5 | Noticed Jory
 70228 | Vaults:5 | Killed Jory
 70500 | Vaults:5 | Reached skill level 10 in Spellcasting
 71286 | Vaults:5 | Reached XP level 25. HP: 165/190 MP: 34/37
 71658 | Vaults:5 | Got a silver rune of Zot
 72314 | Vaults:5 | Noticed Xtahua
 72319 | Vaults:5 | Killed Xtahua
 72452 | Vaults:5 | Identified the cursed +1 leather armour "Gorch" {rF+}
 73574 | Vaults:5 | Got an encrusted shortbow
 73576 | Vaults:5 | Got a slimy mace
 73977 | Zot:1    | Entered Level 1 of the Realm of Zot
 74512 | Zot:1    | Gained mutation: When low on magic, you restore magic in
                  | place of health. [demonic ancestry]
 74512 | Zot:1    | Reached XP level 26. HP: 173/198 MP: 34/37
 75239 | Zot:1    | Found a transporter.
 75723 | Spider:1 | Killed Duoroon's ghost
 76350 | Spider:4 | Killed Mara
 76350 | Spider:4 | Reached skill level 21 in Fighting
 76921 | Shoals:1 | Killed Kehia's ghost
 77444 | Shoals:2 | Killed Ilsuiw
 79270 | Zot:2    | Reached skill level 15 in Armour
 81519 | Zot:3    | Gained mutation: Your melee attacks may debilitate your
                  | foes. [demonic ancestry]
 81519 | Zot:3    | Reached XP level 27. HP: 202/206 MP: 33/37
 82863 | Zot:4    | Found a burning altar of Makhleb.
 82888 | Zot:4    | Identified the Compendium of the Zealot
 82940 | Zot:4    | Identified the Tome of Fire and Brimstone
 83072 | Zot:4    | Reached skill level 15 in Invocations
 83278 | Zot:4    | Noticed an orb of fire
 83280 | Zot:4    | Gained mutation: Your body sometimes deteriorates upon
                  | taking damage. [an orb of fire]
 83285 | Zot:4    | Killed an orb of fire
 84235 | Zot:5    | Entered Level 5 of the Realm of Zot
 84653 | Zot:5    | Reached skill level 22 in Fighting
 84746 | Zot:5    | Noticed an orb of fire
 84748 | Zot:5    | Gained mutation: You are frail. (-10% HP) [an orb of fire]
 84752 | Zot:5    | Noticed an ancient lich
 84754 | Zot:5    | Killed an orb of fire
 84756 | Zot:5    | Noticed an orb of fire
 84756 | Zot:5    | Noticed an orb of fire
 84762 | Zot:5    | Gained mutation: Your magical capacity is low. (-10% MP)
                  | [an orb of fire]
 84762 | Zot:5    | Gained mutation: Your spells are a little easier to cast,
                  | but a little less powerful. [an orb of fire]
 84784 | Zot:5    | HP: 7/184 [Brimstone Fiend/damnation[an ancient lich] (26)]
 84969 | Zot:5    | Noticed an orb of fire
 84970 | Zot:5    | Noticed an orb of fire
 84975 | Zot:5    | Gained mutation: Your natural rate of healing is unusually
                  | fast. [an orb of fire]
 84980 | Zot:5    | Killed an orb of fire
 84985 | Zot:5    | Killed an orb of fire
 84985 | Zot:5    | Noticed an ancient lich
 84987 | Zot:5    | HP: 9/184 [Killer Klown/klown pie (20)]
 84995 | Zot:5    | Killed an ancient lich
 84999 | Zot:5    | Noticed an ancient lich
 85329 | Zot:5    | Gained mutation: Your body often deteriorates upon taking
                  | damage. [an orb of fire]
 85340 | Zot:5    | Killed an orb of fire
 85350 | Zot:5    | Killed an ancient lich
 85646 | Zot:5    | Gained mutation: You are dopey. (Int -2) [an orb of fire]
 85647 | Zot:5    | Killed an orb of fire
 85718 | Zot:5    | Killed an ancient lich
 86607 | Zot:5    | Got the Orb of Zot
 87105 | D:4      | Noticed Mosedgh the pandemonium lord
 87119 | D:4      | Paralysed by a floating eye for 3 turns
 87194 | D:$      | Escaped with the Orb!

Levels and vault maps discovered:
D:1:      dpeg_arrival_caged_fury, layout_loops_ring
D:2:      layout_loops_ring, lemuel_doored_altar, kennysheep_generic_room_7,
          uniq_natasha, uniq_jessica, uniq_robin, uniq_sigmund, uniq_terence
D:3:      layout_loops_cross, dancing_weapons_uskayaw,
          kiku_gazebo_garden_becter, elyvilon_altar_5, first_ration,
          grunt_ministairs_12
D:4:      layout_loops_cross, uniq_blork_the_orc, uniq_grinder, uniq_pikel,
          uniq_menkaure
D:5:      layout_cave_pools
D:6:      layout_basic
D:7:      kennysheep_spiral_hall, layout_basic, temple_pool_b, serial_shops,
          shop, xom_confusion_cloud
D:8:      layout_loops_ring, grunt_pizzeria, uniq_prince_ribbit1, uniq_joseph
D:9:      layout_roguey, nicolae_qazlal_general_emergency,
          kennysheep_little_box, basic_altar
D:10:     layout_long_grid, orc_0_dummy, minivault_23, minmay_pinched_square
D:11:     layout_gridville, due_lair_maze_entry_diamond, serial_shops,
          nicolae_shop_window_shopping, minmay_alternating_orb
D:12:     minmay_tile_spiral, layout_basic, gauntlet_entry_generic, uniq_fannar
D:13:     layout_loops_corners, david_vaults_1, serial_shops, shop
D:14:     minmay_the_grid_octo_triangle [minmay_the_grid_octo_tetromino_candy,
          minmay_the_grid_octo_prize_single_spiral,
          minmay_the_grid_octo_odd_swirl], layout_irregular_city, serial_shops,
          shop, drop_trap
D:15:     grunt_enter_depths_giant_problem, layout_stronghold,
          minmay_misc_feat_x, uniq_roxanne, uniq_azrael, uniq_josephine
Lair:1:   layout_gridlike, infiniplex_staircase_pool, lemuel_fruit_tree
Lair:2:   layout_small_grid, grunt_megastairs_2, uniq_gastronok
Lair:3:   layout_regular_city, uniq_urug, uniq_nergalle
Lair:4:   layout_cave_shapes, elwin_shoals_entry_rooms, dummy_spider_entry,
          nicolae_quartered_pool_super, grunt_megastairs_5
Lair:5:   layout_concentric_octagons, ebering_ghost_reflecting_pool,
          hibernation_bobbens, serial_bayou_shore_b
Lair:6:   hangedman_lair_caniforms_friends, layout_loops_ring, wormcave,
          slime_altar_1, st_stairs_11, guppyfry_lair_drakes,
          minmay_lair_oklob_chamber
Shoals:1: layout_shoals, ebering_ghost_rock_garden
Shoals:2: layout_shoals, uniq_polyphemus, uniq_ilsuiw
Shoals:3: layout_shoals, uniq_kirke
Shoals:4: shoals_end_grunt_ice, layout_shoals, uniq_bai_suzhen
Spider:1: layout_spider_delve, ebering_ghost_xom, drop_trap
Spider:2: layout_chambers
Spider:3: layout_spider_delve, hangedman_spider_tarantella_strand,
          nicolae_spider_cling_ruins, uniq_louise
Spider:4: grunt_spider_rune_island, uniq_nikola, uniq_arachne, uniq_mara
Orc:1:    layout_caves
Orc:2:    st_orc_mages, layout_caves, nicolae_orc_damp_corner,
          lightli_orcish_oven, uniq_erolcha
Elf:1:    layout_loops_corners, serial_glass, glass_columns_a, glass_columns_b,
          glass_columns_b, glass_columns_b, feat_on_display, item_on_display_a,
          due_unseen_surprise, feat_on_display, basic_altar, serial_shops, shop,
          orc_legates
Elf:2:    layout_gridlike, infiniplex_enter_wizlab_spiral
Elf:3:    minmay_elf_hall_x, layout_geoelf_castle, serial_shops, shop
Vaults:1: hangedman_vaults_nails, vaults_room_grid, st_check,
          hangedman_vaults_slice, nicolae_vaults_network_s,
          nicolae_vaults_rhombus_6, v_misc_15, ontoclasm_vaults_twist,
          vaults_mumra_minichess_inversion, vaults_room_corners, v_misc_15,
          v_misc_13, ontoclasm_vaults_misaligned,
          nicolae_vaults_little_squares_4,
          vaults_standard_mumra_enter_the_diamond, grunt_vaults_hallway_short,
          nicolae_vaults_little_squares_6, layout_vaults_omnicross
Vaults:2: v_misc_26, nicolae_vaults_little_squares_1, vaults_room_hallway,
          dpeg_vaults_monster_box, ontoclasm_vaults_shuriken,
          vaults_dpeg_encased_lava, sword_in_stone, v_misc_5,
          nicolae_vaults_rhombus_7, layout_vaults_omnigrid, serial_shops, shop
Vaults:3: vaults_room_guarded_vault, vaults_standard_mumra_lines,
          nicolae_vaults_hallways_thing, v_alt_pattern_3, ontoclasm_vaults_eye,
          nicolae_vaults_little_squares_1, vaults_room_corners,
          layout_vaults_chaotic_city, dummy_crypt_entry, serial_shops,
          bzr_in_the_mist
Vaults:4: dpeg_vaults_monster_row, st_greater_box_2, v_rooms_3, v_misc_11,
          vaults_mumra_chevron_long, hangedman_vaults_pinch, v_misc_31,
          hangedman_vaults_cutoff, vaults_dpeg_cross, v_alt_pattern_3,
          layout_vaults_maze_bifur, serial_shops, nicolae_shop_crystal
Vaults:5: uniq_sojobo, uniq_jory, uniq_xtahua
Depths:1: layout_forbidden_donut, minivault_14, serial_column_ruins,
          column_ruins_grid_4, column_ruins_columns_corner,
          column_ruins_columns_corner, hangedman_tar_grid_catacomb,
          nicolae_water_bricks, kennysheep_small_square, uniq_asterion
Depths:2: grunt_forest_end_chambers, layout_cave_pools, abyss_entry, hell_entry,
          kennysheep_pointless_box
Depths:3: minmay_dotted_concentric_squares, layout_basic,
          grunt_pan_entry_sceptre, minmay_crystal_water, hellmouth_1, drop_trap
Depths:4: evilmike_diamond_1, layout_cave_pools, enter_ziggurat_c, abyss_entry,
          hangedman_geh_valley, hangedman_decor_opposing,
          minmay_misc_feat_cross, st_stairs_11, hangedman_decor_peaks_small,
          laboratory, minmay_staircase_statues
Depths:5: grunt_zot_entry_tricorne, layout_cave_shapes, abyss_entry_flame_altar,
          grunt_metal_band, minmay_misc_feat_room, uniq_saint_roka
Zot:1:    gammafunk_its_a_trap, layout_twisted_circle
Zot:2:    lemuel_halls_of_wrath, layout_cathedral_of_symmetry, lemuel_elevator
Zot:3:    layout_basic, zot_minivault_4, grunt_megastairs_1
Zot:4:    nicolae_zot_draconian_monastery, layout_basic,
          hangedman_elemental_grid_stream
Zot:5:    layout_basic, bh_zot_lava_cross

Skill      XL: |  1  2  3  4  5  6  7  8  9 10 11 12 13 14 15 16 17 18 19 20 21 22 23 24 25 26 27 |
---------------+----------------------------------------------------------------------------------+-----
Polearms       | 3 4 5 6 7 9 10 11 13 14 15 16 17 18 19 20 21 | 21.0
Fighting       | 4 5 6 7 8 9 10 11 12 13 14 15 16 17 18 19 20 21 22 | 22.0
Stealth        | 2 3 |  3.0
Invocations    | 1 5 8 10 11 13 21 | 21.2
Armour         | 3 5 6 9 10 11 13 14 15 19 | 19.7
Charms         | 1 5 8 9 10 11 12 | 12.0
Hexes          | 1 5 |  5.0
Necromancy     | 5 9 11 13 15 17 21 | 21.7
Dodging        | 3 5 7 8 10 11 12 | 12.5
Spellcasting   | 4 5 7 8 10 | 10.0
Transmutations | 2 6 8 |  8.0
Earth Magic    | 2 6 8 |  8.0
Translocations | 6 7 |  7.6
Air Magic      | 4 5 |  5.1

Action                   |  1- 3 |  4- 6 |  7- 9 | 10-12 | 13-15 | 16-18 | 19-21 | 22-24 | 25-27 || total
-------------------------+-------+-------+-------+-------+-------+-------+-------+-------+-------++-------
Melee: Spear             |   191 |    50 |       |       |       |       |       |       |       ||   241
       Kick              |       |    15 |    18 |   115 |   251 |   180 |   233 |   269 |   387 ||  1468
       Scythe            |       |    57 |   174 |   402 |   127 |       |       |       |       ||   760
       Trident           |       |       |       |     6 |     4 |       |       |       |       ||    10
       Glaive            |       |       |       |       |   704 |   853 |   919 |   861 |  1089 ||  4426
       Headbutt          |       |       |       |       |       |    58 |   134 |   151 |   221 ||   564
Throw: Stone             |     4 |    49 |   111 |   140 |   258 |   126 |   110 |    76 |    45 ||   919
       Throwing net      |       |       |       |       |       |       |     3 |       |       ||     3
 Cast: Infusion          |       |       |       |     1 |     4 |       |       |       |       ||     5
       Spectral Weapon   |       |       |       |       |    17 |    43 |    25 |    27 |    21 ||   133
       Song of Slaying   |       |       |       |       |     3 |     8 |     4 |     9 |     1 ||    25
       Regeneration      |       |       |       |       |       |    10 |    11 |    15 |     3 ||    39
       Swiftness         |       |       |       |       |       |     1 |       |     3 |     7 ||    11
       Agony             |       |       |       |       |       |     3 |     1 |     1 |     1 ||     6
       Excruciating Woun |       |       |       |       |       |     2 |     2 |     9 |     2 ||    15
       Shroud of Golubri |       |       |       |       |       |       |     3 |     7 |       ||    10
       Animate Dead      |       |       |       |       |       |       |     4 |     2 |     1 ||     7
       Blink             |       |       |       |       |       |       |       |     2 |     1 ||     3
       Passwall          |       |       |       |       |       |       |       |     4 |     4 ||     8
       Deflect Missiles  |       |       |       |       |       |       |       |     1 |     2 ||     3
Invok: Ancestor Life: Ba |       |     1 |       |       |       |       |       |       |       ||     1
       Ancestor Identity |       |     1 |       |       |       |       |       |       |       ||     1
       Recall Ancestor   |       |       |       |     1 |     2 |     2 |     2 |     2 |     4 ||    13
       Idealise          |       |       |       |     1 |     2 |     6 |     1 |     8 |     4 ||    22
       Transference      |       |       |       |       |     1 |       |     1 |     2 |     1 ||     5
  Use: Scroll            |       |       |       |    25 |    17 |    12 |     7 |    14 |    17 ||    92
       Potion            |       |       |       |     3 |     1 |     4 |     3 |    11 |    17 ||    39
 Stab: Sleeping          |     7 |     1 |     2 |     1 |    12 |    25 |    37 |     5 |       ||    90
       Distracted        |       |     2 |     6 |    11 |    23 |    23 |    23 |    20 |    27 ||   135
       Petrified         |       |       |       |       |       |     1 |       |       |       ||     1
  Eat: Chunk             |     1 |     6 |    18 |    23 |    33 |    43 |    37 |    26 |    32 ||   219
       Ration            |       |       |       |     1 |     4 |     6 |     3 |     5 |     6 ||    25
Armor: Robe              |    21 |       |       |       |       |       |       |       |       ||    21
       Ring mail         |    35 |    31 |    37 |       |       |       |       |       |       ||   103
       Chain mail        |       |       |    31 |   245 |   314 |   453 |   212 |   193 |       ||  1448
       Skin              |       |       |       |       |       |     1 |       |       |       ||     1
       Crystal plate arm |       |       |       |       |       |       |       |   360 |   612 ||   972
Dodge: Dodged            |    87 |    39 |    61 |   181 |   206 |   314 |   260 |   458 |   250 ||  1856
       Deflected         |       |       |       |       |       |       |       |     3 |    27 ||    30
